 Dungeon Crawl Stone Soup version 0.24.0-123-gd5b16e6ec5 (webtiles) character file.

Game seed: 9864558071171641706, levelgen mode: deterministic

13952 Curus the Bludgeoner (level 11, 0/153 HPs)
             Began as a Minotaur Berserker on Jan 12, 2020.
             Was a High Priest of Trog.
             Succumbed to a black mamba's poison
             ... on level 4 of the Lair of Beasts.
             The game lasted 00:43:34 (9084 turns).

Curus the Bludgeoner (Minotaur Berserker)           Turns: 9084, Time: 00:43:34

Health: 0/153      AC: 19    Str: 26    XL:     11   Next: 82%
Magic:  14/14      EV:  8    Int:  7    God:    Trog [*****.]
Gold:   706        SH:  2    Dex: 11    Spells: 10/10 levels left

rFire    . . .     SeeInvis .   A - +0 morningstar
rCold    + . .     Gourm    .   (no shield)
rNeg     . . .     Faith    .   B - +1 plate armour
rPois    .         Spirit   .   r - +0 hat
rElec    .         Reflect  +   q - +1 cloak
rCorr    +         Harm     .   (no gloves)
MR       ++...                  u - +0 pair of boots
Stlth    ..........             l - +2 amulet of reflection
HPRegen  1.35/turn              d - ring of resist corrosion
MPRegen  0.14/turn              g - ring of protection from cold

@: berserking, lethally poisoned (0 -> -36), regenerating, very quick
A: retaliatory headbutt, horns 2, clever 1, weak 1
a: Berserk, Trog's Hand, Brothers in Arms, Renounce Religion


You were on level 4 of the Lair of Beasts.
You worshipped Trog.
Trog was extremely pleased with you.
You were hungry.

You visited 2 branches of the dungeon, and saw 12 of its levels.
You also visited: Sewer.

You collected 706 gold pieces.

Inventory:

Hand Weapons
 a - a +1 mace
 t - a +0 flail
 A - a +0 morningstar (weapon)
Armour
 b - a +0 animal skin
 e - a +0 leather armour
 j - a +0 ring mail
 m - a +1 scale mail
 q - a +1 cloak (worn)
 r - a +0 hat (worn)
 u - a +0 pair of boots (worn)
 y - a cursed +0 chain mail
 z - a +0 chain mail
 B - a +1 plate armour (worn)
Jewellery
 d - a ring of resist corrosion (left hand)
 g - a ring of protection from cold (right hand)
 h - a +6 ring of protection
 l - a +2 amulet of reflection (around neck)
 p - a +2 ring of strength
 w - a +5 ring of protection
 x - a +3 ring of strength
 C - an uncursed amulet of rage
 E - an uncursed ring of ice
Wands
 s - a wand of iceblast (7)
 v - a wand of flame (3)
 D - a wand of paralysis (8)
 H - a wand of disintegration (8)
Scrolls
 i - 9 scrolls of identify
 n - 6 scrolls of remove curse
Potions
 f - 2 potions of heal wounds
 k - 5 potions of curing
 o - a potion of flight
 F - 3 potions of cancellation
 G - a potion of haste
Comestibles
 c - 16 rations


   Skills:
 + Level 11.1 Fighting
 - Level 16.0 Maces & Flails
 + Level 10.8 Armour
 - Level 2.1 Dodging
 - Level 6.2 Evocations


You had 10 spell levels left.
You didn't know any spells.
Your spell library was empty.

Dungeon Overview and Level Annotations

Branches:
Dungeon (8/15)             Temple (0/1) D:4            Lair (4/6) D:8
  Swamp (0/4) Lair:3        Sewer (visited)
  Snake: Lair:2-4    Spider: Lair:2-4

Altars:
Ashenzari
Cheibriados
Gozag
Makhleb
Nemelex Xobeh
Ru
Yredelemnul


Innate Abilities, Weirdness & Mutations

You reflexively headbutt those who attack you in melee.
You have a pair of horns on your head.
Your mind is acute. (Int +2)
You are weak. (Str -2)


Message History

* * * LOW HITPOINT WARNING * * *
You are more poisoned.
The black mamba poisons you!
You hit the black mamba.
The black mamba is almost dead.
* * * LOW HITPOINT WARNING * * *
You feel sick. The porcupine barely misses you.
You bludgeon the black mamba!!
You kill the black mamba!
Trog accepts your kill.
* * * LOW HITPOINT WARNING * * *
You feel very sick.
You impale the porcupine!!
You kill the porcupine!
Trog accepts your kill.
* * * LOW HITPOINT WARNING * * *
You feel very sick.
You puncture the adder! Your headbutt misses the adder.
The adder is almost dead.
You die... #PP...... #....l... #.S..PS.. rSS.PPPS. ##PSPPPPPP

###P.P.PPPP.
#@#..P....P.
#.SSl......P #
###...####.# ###
###...## ..##
##....## ...####
###.#..#.#
...<.P######.....#.##
##.....#.........###
##..............#


You could see a basilisk and 2 adders.

Vanquished Creatures
  Nergalle (Lair:2)
  Pikel (D:6)
  A wolf spider (Lair:4)
  2 elephants (Lair:2)
  3 black mambas
  2 rust devils (D:5)
  7 spiny frogs
  A rime drake (Lair:2)
  3 komodo dragons
  Prince Ribbit (D:7)
  A bog body (Lair:3)
  3 hippogriffs
  A basilisk (Lair:2)
  10 yaks
  A soldier ant (D:7)
  A porcupine (Lair:4)
  8 water moccasins
  A phantom (D:4)
  An ice beast (D:7)
  A sky beast (D:7)
  2 orc warriors (D:5)
  A black bear (D:6)
  A crocodile (Sewer)
  5 centaurs
  4 ogres
  8 bullfrogs
  A gnoll sergeant (D:6)
  A wyvern skeleton (D:7)
  A water moccasin skeleton (D:7)
  7 wights
  A howler monkey (D:6)
  An electric eel (Lair:2)
  A crimson imp (D:6)
  A jelly (D:5)
  2 orc priests
  4 hounds
  2 bullfrog skeletons (D:7)
  4 orc wizards
  Crazy Yiuf (D:4)
  2 iguanas
  6 worker ants
  2 hound zombies
  A hound skeleton (D:4)
  7 gnolls
  7 adders
  2 shadow imps
  3 adder skeletons
  2 worms
  3 dart slugs
  4 leopard geckos
  17 orcs
  5 ball pythons
  15 bats
  4 giant cockroaches
  4 goblins
  4 hobgoblins
  13 jackals
  7 kobolds
  3 quokkas
  5 frilled lizards
  A jackal skeleton (D:4)
  A quokka skeleton (D:4)
  8 rats
224 creatures vanquished.

Vanquished Creatures (collateral kills)
  2 elephants (Lair:2)
2 creatures vanquished.

Vanquished Creatures (others)
  A goblin (D:3)
  12 fungi
  23 plants
36 creatures vanquished.

Grand Total: 262 creatures vanquished

Notes
Turn   | Place    | Note
-------+----------+-------------------------------------------
     0 | D:1      | Curus the Minotaur Berserker began the quest for the Orb.
     0 | D:1      | Reached XP level 1. HP: 19/19 MP: 0/0
    17 | D:1      | Reached skill level 4 in Maces & Flails
    17 | D:1      | Reached XP level 2. HP: 21/26 MP: 1/1
   339 | D:1      | Reached skill level 5 in Maces & Flails
   715 | D:1      | Reached XP level 3. HP: 31/31 MP: 2/2
   887 | D:2      | Found a sacrificial altar of Ru.
  1005 | D:2      | Reached ** piety under Trog
  1023 | D:2      | Found a shattered altar of Ashenzari.
  1287 | D:2      | Reached XP level 4. HP: 39/39 MP: 3/3
  1295 | D:2      | Reached skill level 6 in Maces & Flails
  1579 | D:3      | Gained mutation: You are weak. (Str -2) [potion of
                  | mutation]
  1579 | D:3      | Gained mutation: Your mind is acute. (Int +2) [potion of
                  | mutation]
  1598 | D:3      | Found a sparkling altar of Nemelex Xobeh.
  1786 | D:3      | Reached *** piety under Trog
  1786 | D:3      | Reached XP level 5. HP: 44/45 MP: 4/4
  1803 | D:3      | Reached skill level 12 in Maces & Flails
  1803 | D:3      | Reached XP level 6. HP: 61/61 MP: 5/5
  1867 | D:4      | Found a staircase to the Ecumenical Temple.
  1986 | D:4      | Found a runed translucent door.
  1987 | D:4      | Noticed Crazy Yiuf
  2053 | D:4      | Reached XP level 7. HP: 68/68 MP: 6/6
  2177 | D:4      | Found a burning altar of Makhleb.
  2507 | D:4      | Killed Crazy Yiuf
  2549 | D:5      | Entered Level 5 of the Dungeon
  2905 | D:5      | Found a snail-covered altar of Cheibriados.
  3328 | D:6      | Reached skill level 13 in Maces & Flails
  3336 | D:6      | Reached **** piety under Trog
  3336 | D:6      | Received a gift from Trog
  3388 | D:6      | Reached XP level 8. HP: 39/74 MP: 7/7
  3572 | D:6      | Noticed Pikel
  3582 | D:6      | Killed Pikel
  3582 | D:6      | Reached skill level 14 in Maces & Flails
  3585 | D:6      | Found a glowing drain.
  3601 | Sewer    | Entered a sewer
  4043 | D:5      | Noticed a rust devil
  4043 | D:5      | Noticed a rust devil
  4057 | D:5      | Killed a rust devil
  4057 | D:5      | Reached XP level 9. HP: 82/82 MP: 8/8
  4061 | D:5      | Killed a rust devil
  4759 | D:7      | Noticed Prince Ribbit
  4761 | D:7      | Reached skill level 10 in Fighting
  4766 | D:7      | Killed Prince Ribbit
  4766 | D:7      | Reached XP level 10. HP: 21/93 MP: 9/9
  4934 | D:7      | Reached skill level 10 in Armour
  5346 | D:8      | Reached ***** piety under Trog
  5595 | D:8      | Found an opulent altar of Gozag.
  5650 | D:8      | Found a staircase to the Lair.
  5676 | Lair:1   | Entered Level 1 of the Lair of Beasts
  5736 | Lair:1   | Reached skill level 1 in Evocations
  5795 | Lair:1   | Noticed a spiny frog
  5800 | Lair:1   | Killed a spiny frog
  6057 | Lair:1   | You fall into a shaft and drop 1 floor!
  6136 | Lair:2   | Noticed a spiny frog
  6142 | Lair:2   | Killed a spiny frog
  6247 | Lair:2   | Noticed an elephant
  6255 | Lair:2   | Noticed an elephant
  6259 | Lair:2   | Noticed an elephant
  6262 | Lair:2   | Noticed an elephant
  6273 | Lair:2   | Killed an elephant
  6291 | Lair:2   | Killed an elephant
  6291 | Lair:2   | Reached XP level 11. HP: 21/101 MP: 11/13
  6615 | Lair:2   | Reached skill level 15 in Maces & Flails
  6992 | Lair:2   | Reached skill level 5 in Evocations
  7896 | Lair:2   | Noticed Nergalle
  7926 | Lair:2   | Killed Nergalle
  8330 | Lair:3   | Found a staircase to the Swamp.
  8405 | Lair:3   | Found a basalt altar of Yredelemnul.
  8846 | Lair:3   | Reached skill level 16 in Maces & Flails
  9042 | Lair:4   | Noticed a wolf spider
  9077 | Lair:4   | Killed a wolf spider
  9081 | Lair:4   | HP: 7/153 [poisoned by a black mamba]
  9083 | Lair:4   | HP: 2/153 [poisoned by a black mamba]
  9084 | Lair:4   | Succumbed to a black mamba's poison

Levels and vault maps discovered:
D:1:      wander_arrival_fairy_ring, layout_basic
D:2:      layout_loops_ring, lemuel_coloured_pillars_altar,
          evilmike_ruin_ashenzari
D:3:      layout_rooms, overflow_temple_1_default
D:4:      minmay_spotlight, layout_basic, minmay_temple_entry_overgrown,
          bloody_makhleb, uniq_crazy_yiuf_cottage
D:5:      cheibrodos_iron_armory, layout_gridville, basic_altar, first_ration,
          saegor_snake_ambush
D:6:      layout_loops_ring, portal_sewer_entry_a, minmay_crystal_water,
          uniq_pikel
D:7:      layout_loops_cross, grunt_ogre_cave, uniq_prince_ribbit1
D:8:      layout_cave_pools, nicolae_overflow_crystal_walls,
          gammafunk_temple_overflow_statue, dpeg_oklobed_lair, serial_shops,
          shop, nicolae_ru_the_path_less_chosen
Lair:1:   layout_cave_pods
Lair:2:   layout_misc_corridors, cheibrodos_lair_caveside_slide, minivault_23,
          serial_bayou_shore_a, serial_bayou_shore_b, uniq_nergalle
Lair:3:   layout_regular_city, skrybe_swamp_entry_bodies, basic_altar,
          grunt_megastairs_3, infiniplex_staircase_pool_2
Lair:4:   minmay_lair_venomous_thicket, layout_layer_cave,
          nicolae_spider_entry_non_spiders, maelrawn_ghost_gauntlet_escape

Skill      XL: |  1  2  3  4  5  6  7  8  9 10 11 |
---------------+----------------------------------+-----
Maces & Flails | 4 5 6 12 13 14 16 | 16.0
Fighting       | 8 10 11 | 11.1
Armour         | 7 8 9 10 | 10.8
Evocations     | 4 6 |  6.2
Dodging        | |  2.1

Action                   |  1- 3 |  4- 6 |  7- 9 | 10-12 || total
-------------------------+-------+-------+-------+-------++-------
Melee: Mace              |    69 |   100 |   116 |       ||   285
       Headbutt          |     9 |    14 |    57 |    52 ||   132
       Flail             |       |       |    68 |       ||    68
       Morningstar       |       |       |    99 |   307 ||   406
Invok: Berserk           |       |       |     2 |     6 ||     8
       Trog's Hand       |       |       |       |     2 ||     2
       Brothers in Arms  |       |       |       |     1 ||     1
Evoke: Wand              |       |       |     3 |     3 ||     6
  Use: Scroll            |     3 |     4 |     3 |     7 ||    17
       Potion            |     5 |     3 |     4 |     2 ||    14
 Stab: Invisible         |       |       |     6 |       ||     6
  Eat: Chunk             |     1 |     3 |    10 |     3 ||    17
       Ration            |       |       |       |     5 ||     5
Armor: Leather armour    |     7 |       |       |       ||     7
       Animal skin       |     1 |       |       |       ||     1
       Ring mail         |    13 |       |       |       ||    13
       Scale mail        |     6 |    46 |    73 |       ||   125
       Plate armour      |       |       |    48 |   154 ||   202
Dodge: Dodged            |    55 |    41 |   108 |    67 ||   271
Block: Other             |       |     8 |    13 |    16 ||    37
       Reflection        |       |     1 |       |       ||     1
